Match 42445455
Unlisted

Match 42445455
End
Construct Barracks
Engineer Squad
Riflemen Squad
Selects Armored Battlegroup
Riflemen Squad
Selects Veteran Crews
1⁄4-ton 4x4 Truck
Riflemen Squad
Infantry Support Center
Selects Fast Deploy
Construct Medical Station
Construct Motor Pool
Engineer Squad
M1 Anti-tank Gun Team
M8 Greyhound Armored Car
Selects M8 Scott SPG
Selects UNKNOWN (2160077)
M1 Anti-tank Gun Team
Selects Field Repairs
bobr
Zo͞olo͞oKōbrə
HulkSMASH
⚓️Ruby⚓
0
0

Comments sign in to comment!

No comments posted yet!